 Dungeon Crawl Stone Soup version 0.31-a0-845-g9abc20d24f (webtiles) character file.

Game seed: 17640628685199866190

63 subawu the Ruffian (level 4, -4/33 (34) HPs)
             Began as a Gnoll Shapeshifter on Oct 2, 2023.
             Slain by Crazy Yiuf
             ... wielding a +4 quarterstaff of chaos
              (5 damage)
             ... on level 2 of the Dungeon.
             The game lasted 00:03:41 (1765 turns).

subawu the Ruffian (Gnoll Shapeshifter)             Turns: 1765, Time: 00:03:42

HP:   -4/33 (34)    AC:  5    Str: 15    XL:     4   Next: 9%
MP:   5/5           EV: 11    Int:  9    God:
Gold: 78            SH:  4    Dex: 12    Spells: 5/5 levels left

rFire   . .          .
                       - Unarmed
rCold   . . .        n - +0 buckler
rNeg    . . .        e - +0 ring mail
rPois   .            (helmet currently unavailable)
rElec   .            (cloak currently unavailable)
rCorr   .            (gloves currently unavailable)
SInv    .            (boots currently unavailable)
Will    .....        (no amulet)
Stlth   +            (no ring)
HPRegen 0.25/turn    (no ring)
MPRegen 0.09/turn

%: no passive effects
@: beast-form, lightly drained
A: beast (slay +3), fangs 1, strong nose, distributed training
a: Begin Untransformation


You were on level 2 of the Dungeon.
You were a hulking beast.
You visited 1 branch of the dungeon, and saw 2 of its levels.

You collected 78 gold pieces.

Inventory:

Missiles
 h - 2 poisoned darts
Armour
 a - a +0 animal skin
 e - a +0 ring mail (worn)
 n - a +0 buckler (worn)
Talismans
 c - a beast talisman (active)
 d - a flux talisman
 i - a dragon-blood talisman
Scrolls
 j - a scroll of teleportation {unknown}
 k - 2 scrolls of identify {unknown}
 l - a scroll of fear {unknown}
 m - a scroll of blinking {unknown}
Potions
 b - a potion of lignification
 f - a potion of brilliance {unknown}
 g - a potion of heal wounds {unknown}


   Skills:
 + Level 2.7 Fighting
 + Level 1.0 Short Blades
 + Level 1.0 Long Blades
 + Level 1.0 Axes
 + Level 1.0 Maces & Flails
 + Level 1.0 Polearms
 + Level 1.0 Staves
 + Level 1.0 Ranged Weapons
 + Level 1.0 Throwing
 + Level 1.0 Armour
 + Level 4.6 Dodging
 + Level 1.0 Stealth
 + Level 1.0 Shields
 + Level 6.6 Unarmed Combat
 + Level 1.0 Spellcasting
 + Level 0.8 Conjurations
 + Level 0.8 Hexes
 + Level 0.8 Summonings
 + Level 0.8 Necromancy
 + Level 0.8 Translocations
 + Level 0.8 Transmutations
 + Level 0.8 Fire Magic
 + Level 0.8 Ice Magic
 + Level 0.8 Air Magic
 + Level 0.8 Earth Magic
 + Level 0.8 Poison Magic
 + Level 1.1 Invocations
 + Level 1.0 Evocations
 + Level 6.5 Shapeshifting


You had 5 spell levels left.
You didn't know any spells.
Your spell library was empty.

Dungeon Overview and Level Annotations

Branches:
Dungeon (2/15)

Altars:
Kikubaaqudgha

Annotations:
D:2 Crazy Yiuf


Innate Abilities, Weirdness & Mutations

You are a hulking beast.
Your limbs bulge with bestial killing power. (Slay +3)
You have very sharp teeth.
Your uncanny sense of smell can sniff out nearby items.
Your experience applies equally to all skills.


Message History

There is a stone staircase leading up here.
A frilled lizard and a ball python come into view.
You block the ball python's attack. The ball python barely misses you.
Found a stone staircase leading up.
The frilled lizard hisses angrily.
The ball python bites you but does no damage.
The ball python barely misses you.
You closely miss the ball python. The ball python closely misses you.
The ball python barely misses you.
You punch the ball python!
You kill the ball python!
The frilled lizard bites you.
You see here a ball python corpse.
You closely miss the frilled lizard. The frilled lizard barely misses you.
You barely miss the frilled lizard. The frilled lizard barely misses you.
You hit the frilled lizard.
You kill the frilled lizard!
You see here a ball python corpse.
There is a stone staircase leading up here.
You see here a stone.
Crazy Yiuf shouts!
Crazy Yiuf screams, "Millenium sow horse!"
You open the door. You closely miss Crazy Yiuf.
Crazy Yiuf says, "Powder mobile high!"
Crazy Yiuf hits you with a +4 quarterstaff of chaos.
You feel drained.
You closely miss Crazy Yiuf.
Crazy Yiuf laughs, "Leather meccalolo pizzabubble!"
Crazy Yiuf hits you with a +4 quarterstaff of chaos.
You resist with some effort.
You closely miss Crazy Yiuf.
Crazy Yiuf hits you with a +4 quarterstaff of chaos.
You hit Crazy Yiuf.
Crazy Yiuf is moderately wounded.
Crazy Yiuf hits you with a +4 quarterstaff of chaos!
Ouch! That really hurt!
* * * LOW HITPOINT WARNING * * *
Crazy Yiuf burns you.
You die...

##### #..)#
#...# ...
#g# ♣♣h♣ ##
♣.♣♣ #. ♣♣.♣
##########.
♣.♣♣
#.......##.
♣♣.♣♣
#.###......
♣..P♣♣ #.#
#...)†.
♣P..P♣
##.###.#..#.
#....#
#......#..#.
##+..+##
##.###.#....


You could see Crazy Yiuf.

Vanquished Creatures
  An adder (D:2)
  A worm (D:2)
  8 bats
  2 endoplasms (D:1)
  2 giant cockroaches
  7 goblins
  4 hobgoblins (D:1)
  4 quokkas (D:1)
  3 ball pythons
  5 frilled lizards
  4 kobolds
  6 rats
47 creatures vanquished.

Notes
Turn   | Place    | Note
-------+----------+-------------------------------------------
     0 | D:1      | subawu the Gnoll Shapeshifter began the quest for the Orb.
     0 | D:1      | Reached XP level 1. HP: 17/17 MP: 1/1
   157 | D:1      | Reached XP level 2. HP: 18/23 MP: 2/2
   316 | D:1      | Found a faded altar of an unknown god.
   380 | D:1      | Reached XP level 3. HP: 18/28 MP: 3/3
   785 | D:1      | Reached skill level 1 in Invocations
  1259 | D:2      | Found a runed translucent door.
  1260 | D:2      | Noticed Crazy Yiuf
  1307 | D:2      | Found an ancient bone altar of Kikubaaqudgha.
  1435 | D:2      | Reached skill level 1 in Short Blades
  1435 | D:2      | Reached skill level 1 in Long Blades
  1435 | D:2      | Reached skill level 1 in Axes
  1435 | D:2      | Reached skill level 1 in Maces & Flails
  1435 | D:2      | Reached skill level 1 in Polearms
  1435 | D:2      | Reached skill level 1 in Staves
  1435 | D:2      | Reached skill level 1 in Ranged Weapons
  1435 | D:2      | Reached skill level 1 in Throwing
  1435 | D:2      | Reached skill level 1 in Armour
  1435 | D:2      | Reached skill level 1 in Stealth
  1435 | D:2      | Reached skill level 1 in Shields
  1435 | D:2      | Reached skill level 1 in Spellcasting
  1435 | D:2      | Reached skill level 1 in Evocations
  1541 | D:2      | Reached XP level 4. HP: 34/34 MP: 5/5
  1765 | D:2      | HP: 1/33 [Crazy Yiuf/+4 quarterstaff of chaos (17)]
  1765 | D:2      | Slain by Crazy Yiuf

Illustrated notes

Levels and vault maps discovered:
D:1:      lightli_arrival_boilingwater, layout_basic,
          shapermc_ecumenical_altar_flowoftime, minivault_23,
          minmay_misc_feat_nine_boxes
D:2:      layout_loops_ring, basic_altar, minmay_pentomino_s4,
          uniq_crazy_yiuf_cottage

Skill      XL: |  1  2  3 |
---------------+----------+-----
Invocations    | 1 |  1.1
Short Blades   | 1 |  1.0
Long Blades    | 1 |  1.0
Axes           | 1 |  1.0
Maces & Flails | 1 |  1.0
Polearms       | 1 |  1.0
Staves         | 1 |  1.0
Ranged Weapons | 1 |  1.0
Throwing       | 1 |  1.0
Armour         | 1 |  1.0
Stealth        | 1 |  1.0
Shields        | 1 |  1.0
Spellcasting   | 1 |  1.0
Evocations     | 1 |  1.0
Fighting       | |  2.7
Dodging        | |  4.6
Unarmed Combat | |  6.6
Conjurations   | |  0.8
Hexes          | |  0.8
Summonings     | |  0.8
Necromancy     | |  0.8
Translocations | |  0.8
Transmutations | |  0.8
Fire Magic     | |  0.8
Ice Magic      | |  0.8
Air Magic      | |  0.8
Earth Magic    | |  0.8
Poison Magic   | |  0.8
Shapeshifting  | |  6.5

Action                     |  1- 3 |  4- 6 || total
---------------------------+-------+-------++-------
  Melee: Unarmed           |   105 |     9 ||   114
         Bite              |    10 |       ||    10
         Punch             |     7 |       ||     7
 Armour: Animal skin       |     8 |       ||     8
         Ring mail         |    83 |     6 ||    89
  Dodge: Dodged            |    83 |     6 ||    89
  Block: Buckler           |     1 |     1 ||     2

Table legend: (Time is in decaauts)
 A = Elapsed time spent in this place.
 B = Non-inter-level travel time spent in this place.
 C = Inter-level travel time spent in this place.
 D = Time resting spent in this place.
 E = Time spent auto-exploring this place.
 F = Levels seen in this place.
 G = Mean time per level.
                   A        B        C        D        E       F      G
               +--------+--------+--------+--------+--------+-----+--------+
         Total |   1761 |   1731 |     30 |    113 |   1031 |   2 |  880.5 |
       Dungeon |   1761 |   1731 |     30 |    113 |   1031 |   2 |  880.5 |
               +--------+--------+--------+--------+--------+-----+--------+

Top non-repeatable levels by time:
     D:1: 996 daAuts
     D:2: 765 daAuts
